 Dungeon Sprint DCSS version 0.20-a0-556-g892c87b (webtiles) character file.

2577 dvd the Basher (level 9, -6/101 HPs)
             Began as a Troll Berserker on Feb 4, 2017.
             Was a High Priest of Trog.
             Mangled by an ogre
             ... wielding a +0 giant spiked club
             ... summoned by the player character
              (50 damage)
             ... in the Dungeon (Sprint III: "The Ten Rune Challenge").
             The game lasted 00:04:48 (747 turns).

dvd the Basher (Troll Berserker)                     Turns: 747, Time: 00:04:49

Health: -6/101     AC:  5    Str: 27    XL:     9   Next: 32%
Magic:  8/8        EV: 14    Int:  3    God:    Trog [*****.]
Gold:   0          SH:  0    Dex: 12    Spells: 8/8 levels left

rFire    . . .     SeeInvis .   a - +0 mace
rCold    . . .     Gourm    +   b - +0 animal skin
rNeg     . . .     Faith    .   (no shield)
rPois    .         Spirit   .   (helmet restricted)
rElec    .         Reflect  .   (no cloak)
rCorr    .         Harm     .   (gloves unavailable)
MR       .....     NoTele   +   (boots unavailable)
Stlth    +.........             (no amulet)
Regen    0.7/turn               (no ring)
                                (no ring)

@: lethally poisoned (-6 -> -7), exhausted, slowed, very slow
A: unfitting armour, claws 3, fast metabolism 3, gourmand, regeneration 1,
shaggy fur 1, tough skin 2
a: Berserk, Trog's Hand, Brothers in Arms, Burn Spellbooks, Renounce Religion


You were in the Dungeon.
You worshipped Trog.
Trog was extremely pleased with you.
You were full.

You visited 1 branch

Inventory:

Hand Weapons
 a - a +0 mace (weapon)
 n - a +4 fustibalus of velocity
Missiles
 j - 5 javelins of penetration (quivered)
 k - 7 tomahawks of returning
Armour
 b - a +0 animal skin (worn)
Wands
 m - a wand of disintegration (11/24)
Scrolls
 i - a scroll of blinking
Potions
 d - a potion of curing
 e - a potion of heal wounds
 f - a potion of haste
 g - 2 potions of magic
 h - a potion of berserk rage
 l - a potion of might
Miscellaneous
 p - a lightning rod (4/4)
Comestibles
 c - 2 bread rations
 o - a royal jelly


   Skills:
 + Level 9.8 Fighting
 + Level 13.8 Maces & Flails
 + Level 9.1 Dodging
 + Level 0.7 Stealth


You had 8 spell levels left.
You didn't know any spells.

Dungeon Overview and Level Annotations

Branches:
Dungeon (1/1)

Altars:
Cheibriados
Dithmenos
Elyvilon
Fedhas
Gozag
Hepliaklqana
Kikubaaqudgha
Makhleb
Nemelex Xobeh
Okawaru
Qazlal
Ru
Sif Muna
Trog
Uskayaw
Vehumet
Xom
Yredelemnul
Zin
The Shining One
Beogh
Jiyva
Lugonu


Innate Abilities, Weirdness & Mutations

You are too large for most types of armour.
You have claws for hands.
Your metabolism is lightning-fast.
You like to eat raw meat.
Your natural rate of healing is unusually fast.
You are covered in fur. (AC +1)
You have very tough skin. (AC +2)


Message History

Something barely misses your ogre.
Your ogre hits the orc warrior with a giant spiked club!!
You feel sick.
Your ogre hits the orc warrior with a giant spiked club.
The orc warrior dies!
Trog accepts your kill.
You feel sick.
Your ogre closely misses something.
A magic dart appears from out of thin air!
The magic dart hits your ogre.
Your ogre closely misses something.
Something hits your ogre.
You feel sick.
Your ogre barely misses something.
You hear some strange, mumbled words.
A puff of flame appears from out of thin air!
The puff of flame misses your ogre. The puff of flame hits you!
Your ogre barely misses something.
You feel sick.
You hear some strange, mumbled words.
Your ogre appears confused.
Your ogre hits you with a giant spiked club!!!
You die...

##.############ #$# $
#..#___#__[#__##$$###.#
#..#.).#__.#._#$.......
#..###'#'###)##o$....
#..#..........#ooo.
...'.⌠........#o{#
...#...######'#o#
...#.⌠.#__#...#O##############
...#...#__#...#)@..#.#.#.....#
...#)###__#...##.#..#.##)#
...#.).#__#..)'##.#.#.##.#
...#___#__'...#..)#..#..##
▓▓▓▓▓▓▓▓▓▓▓▓▓▓▓▓▓▓▓▓▓▓▓▓▓


You could see an orc warrior, 3 orcs and a friendly ogre (berserk).

Vanquished Creatures
  A deep elf mage (D)
  2 orc sorcerers (D)
  A shadow (D)
  A spatial vortex (D)
  An orc warrior (D)
  A necrophage (D)
  2 two-headed ogres (D)
  A water elemental (D)
  A jelly (D)
  An orc priest (D)
  A wizard (D)
  Jessica (D)
  A necromancer (D)
  3 humans (D)
  A kobold demonologist (D)
  A phantom (D)
  2 rats (D)
22 creatures vanquished.

Vanquished Creatures (collateral kills)
  An orc warrior (D)
  2 two-headed ogres (D)
3 creatures vanquished.

Vanquished Creatures (others)
  2 draconian scorchers (D)
  6 hellions (D)
  A yaktaur (D)
  2 orcs (D)
11 creatures vanquished.

Grand Total: 36 creatures vanquished

Notes
Turn   | Place    | Note
-------+----------+-------------------------------------------
     0 | D        | dvd the Troll Berserker began the quest for the Orb.
     0 | D        | Reached XP level 1. HP: 22/22 MP: 0/0
    15 | D        | Reached skill level 3 in Maces & Flails
    32 | D        | Noticed Jessica
    41 | D        | Killed Jessica
    41 | D        | Reached ** piety under Trog
    41 | D        | Reached skill level 4 in Maces & Flails
    41 | D        | Reached XP level 2. HP: 31/31 MP: 1/1
    68 | D        | Killed a yaktaur
    73 | D        | Killed a hellion
    74 | D        | Killed a hellion
    74 | D        | Killed a hellion
    74 | D        | Killed a hellion
   109 | D        | Killed a hellion
   138 | D        | Reached XP level 3. HP: 39/39 MP: 2/2
   150 | D        | Killed a white draconian scorcher
   159 | D        | Killed a white draconian scorcher
   165 | D        | Killed a hellion
   187 | D        | Noticed a water elemental
   194 | D        | Killed a water elemental
   194 | D        | Reached skill level 6 in Maces & Flails
   194 | D        | Reached XP level 4. HP: 33/49 MP: 3/3
   234 | D        | Found a radiant altar of Vehumet.
   234 | D        | Found a deep blue altar of Sif Muna.
   234 | D        | Found an ancient bone altar of Kikubaaqudgha.
   234 | D        | Noticed a wizard
   237 | D        | Killed a wizard
   237 | D        | Reached *** piety under Trog
   237 | D        | Reached skill level 5 in Fighting
   239 | D        | Received a gift from Trog
   239 | D        | Reached skill level 5 in Dodging
   239 | D        | Reached XP level 5. HP: 57/57 MP: 4/4
   244 | D        | Reached **** piety under Trog
   244 | D        | Received a gift from Trog
   295 | D        | Found a hide-covered altar of Uskayaw.
   295 | D        | Found a roughly hewn altar of Beogh.
   295 | D        | Found an iron altar of Okawaru.
   295 | D        | Found a bloodstained altar of Trog.
   295 | D        | Noticed a human
   295 | D        | Noticed a human
   301 | D        | Killed a human
   301 | D        | Reached skill level 8 in Maces & Flails
   301 | D        | Reached XP level 6. HP: 67/67 MP: 5/5
   308 | D        | Killed a human
   308 | D        | Reached skill level 9 in Maces & Flails
   345 | D        | Found a glowing silver altar of Zin.
   345 | D        | Found a glowing golden altar of the Shining One.
   345 | D        | Found a white marble altar of Elyvilon.
   345 | D        | Noticed a deep elf mage
   364 | D        | Killed a deep elf mage
   364 | D        | Reached ***** piety under Trog
   364 | D        | Reached skill level 10 in Maces & Flails
   364 | D        | Reached XP level 7. HP: 45/79 MP: 6/6
   435 | D        | Found a basalt altar of Yredelemnul.
   435 | D        | Found a shadowy altar of Dithmenos.
   435 | D        | Found a sacrificial altar of Ru.
   442 | D        | Received a gift from Trog
   442 | D        | Reached skill level 11 in Maces & Flails
   499 | D        | Noticed a shadow
   508 | D        | Received a gift from Trog
   510 | D        | Killed a shadow
   510 | D        | Reached XP level 8. HP: 87/89 MP: 7/7
   547 | D        | Found a blossoming altar of Fedhas.
   547 | D        | Found a stormy altar of Qazlal.
   548 | D        | Found a snail-covered altar of Cheibriados.
   548 | D        | Found a burning altar of Makhleb.
   548 | D        | Found a hazy altar of Hepliaklqana.
   548 | D        | Found a shimmering altar of Xom.
   548 | D        | Found an opulent altar of Gozag.
   548 | D        | Found a sparkling altar of Nemelex Xobeh.
   548 | D        | Found a corrupted altar of Lugonu.
   548 | D        | Found a viscous altar of Jiyva.
   593 | D        | Reached skill level 12 in Maces & Flails
   648 | D        | Noticed a two-headed ogre
   657 | D        | Killed a two-headed ogre
   709 | D        | Noticed an orc sorcerer
   709 | D        | Noticed an orc sorcerer
   724 | D        | Noticed a red devil
   724 | D        | Noticed an orange demon
   726 | D        | Noticed a soul eater
   730 | D        | Killed an orc sorcerer
   730 | D        | Reached skill level 13 in Maces & Flails
   730 | D        | Reached XP level 9. HP: 98/100 MP: 8/8
   735 | D        | Killed an orc sorcerer
   747 | D        | Mangled by an ogre

Vault maps used:
D:        dungeon_sprint_mu

Skill      XL: |  1  2  3  4  5  6  7  8  9 |
---------------+----------------------------+-----
Maces & Flails | 4 6 8 10 11 13 | 13.8
Fighting       | 3 4 5 6 7 8 9 |  9.8
Dodging        | 3 4 5 7 8 9 |  9.1
Stealth        | |  0.7

Action                   |  1- 3 |  4- 6 |  7- 9 || total
-------------------------+-------+-------+-------++-------
Melee: Mace              |    35 |    31 |    76 ||   142
Invok: Berserk           |     3 |     3 |     5 ||    11
       Trog's Hand       |     1 |       |     1 ||     2
       Burn Spellbooks   |       |     1 |       ||     1
       Brothers in Arms  |       |       |     3 ||     3
  Eat: Chunk             |     5 |     4 |    12 ||    21
Armor: Animal skin       |     7 |     2 |     5 ||    14
Dodge: Dodged            |    20 |     6 |    37 ||    63
